 Dungeon Crawl Stone Soup version 0.24-a0-789-g35933f4 (webtiles) character file.

Game seed: 7161119155237352375, levelgen mode: deterministic

69 DrEnzyme the Skirmisher (level 4, -2/42 HPs)
             Began as a Naga Wanderer on Oct 9, 2019.
             Slain by Grinder (6 damage)
             ... on level 3 of the Dungeon.
             The game lasted 00:12:10 (1740 turns).

DrEnzyme the Skirmisher (Naga Wanderer)             Turns: 1740, Time: 00:12:10

Health: -2/42      AC:  6    Str: 17      XL:     4   Next: 20%
Magic:  4/4        EV: 12    Int: 12      God:
Gold:   76         SH:  0    Dex: 14 (16) Spells: 3/3 levels left

rFire    . . .     SeeInvis +   e - -1 whip (curse)
rCold    . . .     Gourm    .   (no shield)
rNeg     . . .     Faith    .   c - +2 scale mail
rPois    +         Spirit   .   (no helmet)
rElec    .         Reflect  .   (no cloak)
rCorr    .         Harm     .   (no gloves)
MR       .....                  (no barding)
Stlth    +.........             (no amulet)
HPRegen  0.14/turn              (no ring)
MPRegen  0.09/turn              (no ring)

@: agile, about to teleport, flying, very slow
A: large, stinger 1, see invisible, agile 1, deformed body, deterioration 1,
poison resistance, slowness 2, slow metabolism 1, spit poison 1, wild magic 1,
AC +1
a: Spit Poison


You were on level 3 of the Dungeon.
You were not hungry.

You visited 1 branch of the dungeon, and saw 3 of its levels.

You collected 76 gold pieces.

Inventory:

Hand Weapons
 a - a +0 club
 e - a cursed -1 whip (weapon)
 h - a cursed -1 dagger
Missiles
 o - 2 poisoned darts (quivered)
 p - 8 javelins
Armour
 c - a +2 scale mail (worn)
 l - a +0 buckler
Jewellery
 g - an uncursed ring of see invisible {unknown}
Scrolls
 b - a scroll of teleportation
 k - a scroll of immolation {unknown}
Potions
 i - 2 potions of cancellation
Comestibles
 f - 2 rations
 q - a chunk of flesh


   Skills:
 + Level 3.5 Fighting
   Level 2.0 Long Blades
   Level 1.0 Axes
 + Level 0.2(0.6) Maces & Flails
 + Level 2.8 Throwing
 + Level 1.7 Armour
 + Level 0.1 Dodging
 + Level 1.5 Stealth
 * Level 0.1 Shields


You had 3 spell levels left.
You didn't know any spells.
Your spell library was empty.

Dungeon Overview and Level Annotations

Branches:
Dungeon (3/15)

Altars:

Annotations:
D:3 Grinder


Innate Abilities, Weirdness & Mutations

You cannot wear boots.
Your serpentine skin is tough. (AC +1)
You have supernaturally acute eyesight. (SInv)
Armour fits poorly on your strangely shaped body.
Your system is resistant to poisons. (rPois)
You cover ground very slowly.
You have a slow metabolism.
You can spit poison.
Your tail ends in a poisonous barb.
You are agile. (Dex +2)
Your body sometimes deteriorates upon taking damage.
Your spells are a little harder to cast, but a little more powerful.


Message History

Grinder is moderately wounded.
Grinder barely misses you.
You aren't carrying any items that you can evoke.
As you read the scroll of teleportation, it crumbles to dust.
You feel strangely unstable.
Grinder says, "There's only one good use for a tongue: cutting it out."
Grinder hits you!
* * * LOW HITPOINT WARNING * * *
Your body deteriorates!
You feel clumsy.
You writhe in agony.
* * * LOW HITPOINT WARNING * * *
You closely miss Grinder.
Grinder is moderately wounded.
Grinder looks more healthy.
Grinder gestures at you.
You suddenly lose the ability to move!
Grinder hits you but does no damage.
You can move again.
Grinder hits you.
You die...

### .. #.
#?####.##############
#......5@...........#
######.############.#
#. #.##### #. #...>†.
#. ##.#### ## #.# #†#
#<# #.#


You could see Grinder.

Vanquished Creatures
  2 adders (D:2)
  2 dart slugs
  A leopard gecko (D:1)
  3 giant cockroaches
  8 hobgoblins
  9 jackals
  7 kobolds
  2 bats
  2 frilled lizards (D:1)
  A goblin (D:2)
  6 rats
43 creatures vanquished.

Notes
Turn   | Place    | Note
-------+----------+-------------------------------------------
     0 | D:1      | DrEnzyme the Naga Wanderer began the quest for the Orb.
     0 | D:1      | DrEnzyme set off with the following items: a +0 club, 2
                  | scrolls of teleportation, a +2 scale mail, a ration
     0 | D:1      | Reached XP level 1. HP: 21/21 MP: 1/1
    82 | D:1      | Reached XP level 2. HP: 26/28 MP: 2/2
   654 | D:1      | Reached XP level 3. HP: 29/34 MP: 3/3
   776 | D:2      | Upgraded the game from 0.24-a0-788-g2b66604 to
                  | 0.24-a0-789-g35933f4
  1291 | D:2      | Reached XP level 4. HP: 35/42 MP: 4/4
  1294 | D:2      | Found a faded altar of an unknown god.
  1725 | D:3      | Noticed Grinder
  1727 | D:3      | Gained mutation: Your body sometimes deteriorates upon
                  | taking damage. [potion of mutation]
  1727 | D:3      | Gained mutation: You are agile. (Dex +2) [potion of
                  | mutation]
  1727 | D:3      | Gained mutation: Your tail ends in a poisonous barb.
                  | [potion of mutation]
  1727 | D:3      | Gained mutation: Your spells are a little harder to cast,
                  | but a little more powerful. [potion of mutation]
  1738 | D:3      | Paralysed by Grinder for 2 turns
  1740 | D:3      | Slain by Grinder

Levels and vault maps discovered:
D:1:      minmay_arrival_radiant_lines, layout_basic
D:2:      layout_basic, chequers_ecumenical_altar_simple_redux,
          hangedman_decor_points
D:3:      layout_loops_ring, kennysheep_generic_room_6, uniq_grinder

Skill      XL: |  1 |
---------------+----+-----
Throwing       | 2 |  2.8
Fighting       | |  3.5
Long Blades    | |  2.0
Axes           | |  1.0
Maces & Flails | |  0.2
Armour         | |  1.7
Dodging        | |  0.1
Stealth        | |  1.5
Shields        | |  0.1

Action                   |  1- 3 |  4- 6 || total
-------------------------+-------+-------++-------
Melee: Club              |    82 |    18 ||   100
       Whip              |       |    19 ||    19
       Tailslap          |       |     1 ||     1
Throw: Dart              |    33 |     2 ||    35
 Abil: Spit Poison       |    33 |     5 ||    38
  Use: Scroll            |     4 |     1 ||     5
       Potion            |     1 |     4 ||     5
  Eat: Chunk             |     2 |     2 ||     4
Armor: Scale mail        |    41 |    27 ||    68
Dodge: Dodged            |    44 |    24 ||    68

Table legend:
 A = Non-vault XP
 B = Vault XP
 C = Vault XP percentage of total XP
 D = Non-vault monster count
 E = Vault monster count
 F = Vault count percentage of total count
                 A         B        C        D         E       F
            +---------+---------+-------+---------+---------+-------
      Total |      99 |       0 |   0.0 |      43 |       0 |   0.0
            +---------+---------+-------+---------+---------+-------
        D:1 |      40 |       0 |   0.0 |      23 |       0 |   0.0
        D:2 |      44 |       0 |   0.0 |      13 |       0 |   0.0
        D:3 |      15 |       0 |   0.0 |       7 |       0 |   0.0
            +---------+---------+-------+---------+---------+-------
